 Dungeon Crawl Stone Soup version 0.30.0-29-ga12c61a403 (webtiles) character file.

Game seed: 2460177045556613636

532 Ijustatesigmund the Stinger (level 7, -5/64 HPs)
             Began as an Octopode Venom Mage on June 17, 2023.
             Slain by an orc
             ... wielding a +0 flail
              (9 damage)
             ... on level 5 of the Dungeon on June 19, 2023.
             The game lasted 00:06:52 (4073 turns).

Ijustatesigmund the Stinger (Octopode Venom Mage)   Turns: 4073, Time: 00:06:53

Health: -5/64      AC:  1    Str:  8    XL:     7   Next: 24%
Magic:  12/12      EV: 18    Int: 19    God:
Gold:   213        SH:  0    Dex: 12    Spells: 1/13 levels left

rFire   . . .        g - +4 long sword
rCold   . . .        (no shield)
rNeg    . . .        (helmet restricted)
rPois   .            (no amulet)
rElec   .            i - +5 ring of evasion
rCorr   .            (no ring)
SInv    .            (no ring)
Will    .....        (no ring) Stlth
                     (no ring)
HPRegen 0.30/turn    (no ring)
MPRegen 0.13/turn    (no ring)
                     (no ring)

%: no passive effects
@: berserking, very quick
A: almost no armour, amphibious, 8 rings, camouflage 1, gelatinous body 1,
(nimble swimmer 1), tentacles
a: no special abilities


You were on level 5 of the Dungeon.
You visited 2 branches of the dungeon, and saw 6 of its levels.

You collected 213 gold pieces.

Inventory:

Hand Weapons
 c - a +0 hand axe
 e - a +2 dagger of electrocution
 g - a +4 long sword (weapon)
Jewellery
 i - a +5 ring of evasion (left tentacle)
Wands
 m - a wand of mindburst (10)
 n - a wand of paralysis (14)
Scrolls
 f - a scroll of silence
 h - a scroll of amnesia
Potions
 a - a potion of magic
 b - 2 potions of ambrosia
 d - 4 potions of attraction
 k - a potion of lignification
 l - a potion of brilliance {unknown}


   Skills:
 + Level 1.3 Fighting
 - Level 2.0 Dodging
 - Level 2.6 Stealth
 + Level 3.9 Spellcasting
 + Level 3.1 Conjurations
 + Level 0.0 Translocations
 - Level 1.0 Transmutations
 + Level 3.3 Air Magic
 + Level 5.7 Poison Magic


You had one spell level left.
You knew the following spells:

 Your Spells              Type           Power      Damage    Failure   Level
a - Sting                 Tmut/Pois      64%        1d6       3%          1
b - Poisonous Vapours     Pois/Air       40%        N/A       3%          2
c - Mephitic Cloud        Conj/Pois/Air  19%        N/A       8%          3
d - Olgreb's Toxic Radia  Pois           25%        N/A       13%         4
e - Blink                 Tloc           6%         N/A       22%         2

Your spell library contained the following spells:

 Spells                   Type           Power      Damage    Failure   Level
 Cause Fear               Hex            1%         N/A       80%         4
 Manifold Assault         Tloc           3%         N/A       80%         4
 Dragon Form              Tmut           3%         N/A       100%        7
 Storm Form               Tmut/Air       5%         N/A       100%        7
 Dragon's Call            Summ           1%         N/A       100%        9


Dungeon Overview and Level Annotations

Branches:
Dungeon (5/15)             Temple (1/1) D:4

Altars:
Fedhas
Hepliaklqana
Kikubaaqudgha
Nemelex Xobeh
Qazlal
Ru
Wu Jian
Xom
Yredelemnul
Zin
The Shining One


Innate Abilities, Weirdness & Mutations

You cannot wear most types of armour.
You are amphibious.
You can wear up to eight rings at the same time.
Your skin changes colour to match your surroundings (Stealth+).
Your rubbery body absorbs attacks. (AC +1, EV +1)
((You are camouflaged when in or above water. (Stealth+)))
You have tentacles for arms and can constrict up to eight enemies at once.


Message History

The centaur completely misses you.
The hound barks!
You slash the centaur!
The centaur is heavily wounded.
The centaur closely misses you. x2; The orc barely misses you.
The centaur hits you. The centaur closely misses you. The orc misses you.
You are too injured to fight recklessly!
You are too injured to fight recklessly!
You are too injured to fight recklessly!
You are too injured to fight recklessly!
You are too injured to fight recklessly!
You are too injured to fight recklessly!
You are too injured to fight recklessly!
You are too injured to fight recklessly!
You are too injured to fight recklessly!
You are too injured to fight recklessly!
You are too injured to fight recklessly!
You are too injured to fight recklessly!
You are too injured to fight recklessly!
You are too injured to fight recklessly!
You are too injured to fight recklessly!
Unknown command.
A red film seems to cover your vision as you go berserk!
You feel yourself moving faster!
You feel mighty! The centaur hits you. The centaur barely misses you.
The orc hits you with a +0 flail!
* * * LOW HITPOINT WARNING * * *
You slash the centaur!
Your tentacle-slap misses the centaur.
Your squeeze misses the centaur.
The centaur is almost dead.
The centaur hits you.
* * * LOW HITPOINT WARNING * * *
The centaur kicks you.
* * * LOW HITPOINT WARNING * * *
The centaur barely misses you. The centaur misses you.
The orc hits you with a +0 flail.
* * * LOW HITPOINT WARNING * * *
You slash the centaur!
You kill the centaur!
The orc hits you with a +0 flail!
You die...

.........##
.........#
....!...####
...........
...........
...Y.......
#.#ho......
#.#@.......
#.#........
#.#........
#....###...
######..#.# ## #
......?.#.# .#
#######.#.######.#
#.#...#..?.#
#..........##


You could see an ice beast, a hound and an orc.

Vanquished Creatures
  An ice beast (D:4)
  A centaur (D:5)
  A phantom (D:4)
  3 wights (D:4)
  A jelly (D:3)
  Jessica (D:3)
  7 adders
  An ufetubus (D:5)
  2 worms
  A dart slug (D:1)
  4 endoplasms
  8 giant cockroaches
  7 goblins
  7 hobgoblins
  6 jackals (D:3)
  4 quokkas
  8 ball pythons
  4 bats
  A frilled lizard (D:1)
  8 kobolds
  4 rats
80 creatures vanquished.

Notes
Turn   | Place    | Note
-------+----------+-------------------------------------------
     0 | D:1      | Ijustatesigmund the Octopode Venom Mage began the quest for
                  | the Orb.
     0 | D:1      | Reached XP level 1. HP: 11/11 MP: 3/3
   141 | D:1      | Reached XP level 2. HP: 18/18 MP: 3/5
   144 | D:1      | Learned a level 2 spell: Poisonous Vapours
   442 | D:1      | Reached skill level 1 in Fighting
   446 | D:1      | Reached skill level 4 in Poison Magic
   669 | D:1      | Reached XP level 3. HP: 19/23 MP: 6/6
   769 | D:2      | Learned a level 3 spell: Mephitic Cloud
   977 | D:2      | Found Uxofupt's Magic Scroll Shoppe.
   990 | D:2      | Reached skill level 1 in Air Magic
  1106 | D:2      | Found a faded altar of an unknown god.
  1449 | D:3      | Noticed Jessica
  1455 | D:3      | Killed Jessica
  1456 | D:3      | Reached skill level 1 in Conjurations
  1456 | D:3      | Reached XP level 4. HP: 28/28 MP: 6/8
  1725 | D:3      | Found a basalt altar of Yredelemnul.
  1877 | D:3      | Reached XP level 5. HP: 23/33 MP: 9/9
  2070 | D:3      | Found a blossoming altar of Fedhas.
  2335 | D:4      | Found a sacrificial altar of Ru.
  2426 | D:4      | Found a staircase to the Ecumenical Temple.
  2455 | D:4      | Found a glowing golden altar of the Shining One.
  2538 | D:4      | Noticed an ice beast
  2563 | D:4      | Reached skill level 5 in Poison Magic
  2563 | D:4      | Reached XP level 6. HP: 13/38 MP: 10/10
  2672 | D:4      | Killed an ice beast
  3445 | D:4      | Reached XP level 7. HP: 40/43 MP: 12/12
  3821 | D:5      | Entered Level 5 of the Dungeon
  3861 | D:5      | Learned a level 4 spell: Olgreb's Toxic Radiance
  3864 | D:5      | Learned a level 2 spell: Blink
  3896 | Temple   | Entered the Ecumenical Temple
  4073 | D:5      | Slain by an orc

Illustrated notes

Levels and vault maps discovered:
D:1:      scummos_arrival_simple_fountains, layout_loops_cross, st_stairs_7
D:2:      layout_rooms, serial_shops, nicolae_shop_crystal,
          shapermc_ecumenical_altar_gd, dk_noncrumbling_2
D:3:      layout_basic, mainiacjoe_overflow_paths, fedhas_altar_1, uniq_jessica
D:4:      layout_loops_corners, tso_oasis_becter,
          nicolae_ru_great_annihilating_truth, temple_doors_e
D:5:      layout_rooms, serial_shops, nicolae_shop_rolled_up
Temple:   nicolae_temple_bog_church

Skill      XL: |  1  2  3  4  5  6  7 |
---------------+----------------------+-----
Fighting       | 1 |  1.3
Poison Magic   | 4 5 |  5.7
Air Magic      | 1 2 3 |  3.3
Conjurations   | 1 2 3 |  3.1
Spellcasting   | 3 |  3.9
Dodging        | |  2.0
Stealth        | |  2.6
Transmutations | |  1.0

Action                     |  1- 3 |  4- 6 |  7- 9 || total
---------------------------+-------+-------+-------++-------
  Melee: Hand axe          |    15 |       |       ||    15
         Tentacles         |    14 |    19 |     2 ||    35
         Dagger            |    40 |    72 |       ||   112
         Constrict         |    13 |    16 |     1 ||    30
         Punch             |     2 |       |       ||     2
         Halberd           |       |    34 |       ||    34
         Long sword        |       |     7 |    14 ||    21
   Cast: Sting             |     5 |     2 |       ||     7
         Poisonous Vapours |     5 |       |       ||     5
    Use: Scroll            |     5 |     7 |     1 ||    13
         Potion            |       |     3 |     1 ||     4
   Stab: Sleeping          |     7 |    13 |     3 ||    23
         Distracted        |     1 |     1 |       ||     2
         Paralysed         |       |     1 |       ||     1
 Armour: Skin              |     3 |    30 |       ||    33
  Dodge: Dodged            |    32 |    69 |    17 ||   118
